 Dungeon Crawl Stone Soup version 0.28.0 (webtiles) character file.

Game seed: 9691049930913316903

225 bromine the Chopper (level 6, 0/48 HPs)
             Began as a Human Cinder Acolyte on Feb 11, 2022.
             Was an Elder of Ignis.
             Slain by an adder (1 damage)
             ... on level 4 of the Dungeon on Feb 12, 2022.
             The game lasted 00:22:02 (5198 turns).

bromine the Chopper (Human Cinder Acolyte)          Turns: 5198, Time: 00:22:04

Health: 0/48       AC: 13    Str: 17    XL:     6   Next: 21%
Magic:  7/7        EV: 10    Int: 14    God:    Ignis [****..]
Gold:   219        SH:  0    Dex:  8    Spells: 5/7 levels left

rFire   + . .      SeeInvis .   p - +1 halberd
rCold   . . .      Faith    .   (shield currently unavailable)
rNeg    . . .      Spirit   .   c - +1 ring mail
rPois   .          Reflect  .   (no helmet)
rElec   .          Harm     .   (no cloak)
rCorr   .          Rampage  .   (no gloves)
Will    .....                   (no boots)
Stlth   ..........              (no amulet)
HPRegen 0.16/turn               (no ring)
MPRegen 0.10/turn               (no ring)

@: lethally poisoned (0 -> -7), fiery-armoured
A: no striking features
a: Renounce Religion, Fiery Armour, Foxfire Swarm


You were on level 4 of the Dungeon.
You worshipped Ignis.
Ignis was greatly pleased with you.
You visited 1 branch of the dungeon, and saw 4 of its levels.

You collected 219 gold pieces.

Inventory:

Hand Weapons
 a - a -1 hand axe of flaming
 h - a +0 trident
 i - a +1 short sword of venom
 l - a +0 flail
 p - a +1 halberd (weapon)
Missiles
 k - a throwing net (quivered)
Armour
 b - a +0 robe
 c - a +1 ring mail (worn)
 g - a +0 ring mail
 m - a scarf of invisibility
Magical Staves
 r - a staff of cold
Jewellery
 f - a ring of magical power
Potions
 d - 2 potions of haste {unknown}
 e - a potion of magic
 j - a potion of berserk rage {unknown}
 n - a potion of curing
 o - a potion of cancellation {unknown}
 s - 2 potions of might {unknown}


   Skills:
 + Level 3.6 Fighting
 + Level 3.8(4.1) Axes
 + Level 2.1(3.3) Maces & Flails
 + Level 2.3 Armour
 + Level 1.8 Dodging
 + Level 0.4 Stealth
 + Level 1.0 Spellcasting
 + Level 3.4 Fire Magic


You had 5 spell levels left.
You knew the following spells:

 Your Spells              Type           Power      Damage    Failure   Level
a - Scorch                Fire           20%        2d6       17%         2

Your spell library contained the following spells:

 Spells                   Type           Power      Damage    Failure   Level
 Inner Flame              Hex/Fire       5%         N/A       56%         3
 Cause Fear               Hex            0%         N/A       99%         4
 Discord                  Hex            0%         N/A       100%        8


Dungeon Overview and Level Annotations

Branches:
Dungeon (4/15)
 Temple: D:4-7

Altars:
Xom

Shops:
D:3 (


Message History

You feel sick.
You are no longer poisoned.
The adder closely misses you. The adder bites you.
You closely miss the adder.
The adder is lightly wounded.
The adder misses you. The adder barely misses you.
You barely miss the adder.
The adder is lightly wounded.
The adder bites you. The adder closely misses you.
You hit the adder but do no damage.
The adder is lightly wounded.
The adder bites you.
You are poisoned.
The adder poisons you!
You miss the adder.
The adder is lightly wounded.
You feel very sick. The adder bites you but does no damage.
The adder bites you.
* * * LOW HITPOINT WARNING * * *
You are more poisoned.
The adder poisons you!
As you read the scroll labelled OPTAUNE CANWU, it crumbles to dust.
It is a scroll of enchant weapon.
Your +0 halberd glows red for a moment.
You feel sick. The adder bites you.
* * * LOW HITPOINT WARNING * * *
You are lethally poisoned!
The adder poisons you! The adder bites you.
* * * LOW HITPOINT WARNING * * *
You completely miss the adder.
The adder is lightly wounded.
* * * LOW HITPOINT WARNING * * *
You feel very sick. The adder barely misses you.
A protective cloak of flame settles atop you.
* * * LOW HITPOINT WARNING * * *
You feel sick. The adder bites you but does no damage.
The adder is burned by your cloak of flames.
The adder is heavily wounded.
The adder bites you.
You die...

##### #@..#####
#S#.....##########
#.#####...........
... ############
#### ########
###### ###
####......#


You could see an adder.

Vanquished Creatures
  An orc priest (D:3)
  A hound (D:4)
  Jessica (D:2)
  Robin (D:3)
  3 gnolls (D:4)
  2 adders (D:2)
  A worm (D:2)
  A dart slug (D:3)
  8 orcs
  7 bats
  4 endoplasms
  8 goblins
  7 hobgoblins
  9 kobolds
  4 quokkas
  4 ball pythons
  6 frilled lizards
  7 rats
75 creatures vanquished.

Vanquished Creatures (others)
  A foxfire (D:3)
1 creature vanquished.

Grand Total: 76 creatures vanquished

Notes
Turn   | Place    | Note
-------+----------+-------------------------------------------
     0 | D:1      | bromine the Human Cinder Acolyte began the quest for the
                  | Orb.
     0 | D:1      | Reached XP level 1. HP: 18/18 MP: 2/2
   191 | D:1      | Reached XP level 2. HP: 11/24 MP: 3/3
   764 | D:1      | Reached XP level 3. HP: 22/29 MP: 4/4
  1522 | D:2      | Reached skill level 1 in Dodging
  1892 | D:2      | Reached XP level 4. HP: 34/35 MP: 5/5
  2073 | D:2      | Noticed Jessica
  2076 | D:2      | Killed Jessica
  2077 | D:2      | Reached skill level 1 in Armour
  2625 | D:3      | Identified the +0 helmet of Twilight {rC- Slay+5}
  2625 | D:3      | Noticed Robin
  2644 | D:3      | Killed Robin
  2645 | D:3      | Reached XP level 5. HP: 4/41 MP: 6/6
  3323 | D:3      | Learned a level 2 spell: Scorch
  3352 | D:3      | Found Fiasifou's Weapon Emporium.
  3382 | D:3      | Found a shimmering altar of Xom.
  3664 | D:3      | Reached skill level 1 in Maces & Flails
  4265 | D:4      | Reached XP level 6. HP: 8/47 MP: 7/7
  5198 | D:4      | HP: 1/48 [poisoned by an adder]
  5198 | D:4      | Slain by an adder

Illustrated notes

Levels and vault maps discovered:
D:1:      minmay_arrival_up_and_down, layout_basic
D:2:      layout_loops_ring, uniq_jessica
D:3:      layout_loops_corners, mainiacjoe_overflow_boulevard, serial_shops,
          shop, wander_ebering_terrifying_dragon_lair, uniq_robin
D:4:      layout_basic, chequers_temple_overflow_minitemple, serial_shops,
          shop_statue

Skill      XL: |  1  2  3  4  5 |
---------------+----------------+-----
Dodging        | 1 |  1.8
Armour         | 1 2 |  2.3
Maces & Flails | 2 |  2.1
Fighting       | |  3.6
Axes           | |  3.8
Stealth        | |  0.4
Spellcasting   | |  1.0
Fire Magic     | |  3.4

Action                   |  1- 3 |  4- 6 || total
-------------------------+-------+-------++-------
Melee: Hand axe          |    89 |       ||    89
       Flail             |     8 |   121 ||   129
       Punch             |       |     2 ||     2
       Halberd           |       |    32 ||    32
Invok: Foxfire Swarm     |       |     1 ||     1
       Rising Flame      |       |     1 ||     1
       Fiery Armour      |       |     3 ||     3
  Use: Scroll            |     1 |    10 ||    11
       Potion            |       |     1 ||     1
Armor: Ring mail         |    50 |    65 ||   115
       Skin              |       |     7 ||     7
Dodge: Dodged            |    64 |   100 ||   164
